 Dungeon Crawl Stone Soup version 0.29-a0-982-gaed3a0c8d8 (webtiles) character file.

Game seed: 8470024479589690146

436 flotson the Sneak (level 6, -3/48 HPs)
             Began as a Demonspawn Delver on Aug 2, 2022.
             Slain by Edmund
             ... wielding a +2 flail of holy wrath
              (9 damage)
             ... on level 4 of the Dungeon.
             The game lasted 00:07:37 (6069 turns).

flotson the Sneak (Demonspawn Delver)               Turns: 6069, Time: 00:07:38

Health: -3/48      AC:  7    Str: 14    XL:     6   Next: 68%
Magic:  0/6        EV: 13    Int: 11    God:
Gold:   192        SH:  4    Dex: 15    Spells: 5/5 levels left

rFire   . . .      SeeInvis .   b - +0 whip (venom)
rCold   . . .      Faith    .   f - +0 buckler
rNeg    + . .      Spirit   +   l - +0 scale mail
rPois   +          Reflect  .   (no helmet)
rElec   .          Harm     .   (no cloak)
rCorr   .          Rampage  .   w - +0 pair of gloves
Will    .....                   (no boots)
Stlth   +.........              k - amulet "Myqovem" {Spirit rPois}
HPRegen 0.16/turn               o - ring of positive energy
MPRegen 0.20/turn               (no ring)

@: no status effects
A: repulsion field 2, magic regeneration, demonic touch 1
a: no special abilities


You were on level 4 of the Dungeon.
You visited 1 branch of the dungeon, and saw 5 of its levels.

You collected 192 gold pieces.

Inventory:

Hand Weapons
 a - a +3 long sword
 b - a +0 whip of venom (weapon)
Missiles
 m - 5 poisoned darts (quivered)
Armour
 f - a +0 buckler (worn)
 l - a +0 scale mail (worn)
 w - a +0 pair of gloves (worn)
 C - a +0 leather armour
Jewellery
 j - a ring of ice
 k - the amulet "Myqovem" (around neck) {Spirit rPois}
   (You found it on level 3 of the Dungeon)

   [amulet of guardian spirit]

   It causes incoming damage to be divided between your reserves of health and
   magic.
   rPois:     It protects you from poison.
 o - a ring of positive energy (left hand)
 s - a ring of magical power
 D - a +4 ring of protection
Wands
 g - a wand of digging (3)
 F - a wand of quicksilver (11)
 G - a wand of flame (1)
Scrolls
 c - 4 scrolls of fog
 d - 2 scrolls of magic mapping
 i - 2 scrolls of noise {unknown}
 n - 2 scrolls of poison {unknown}
 p - 2 scrolls of enchant armour {unknown}
 q - 3 scrolls of identify {unknown}
 r - a scroll of blinking {unknown}
 t - a scroll of immolation {unknown}
 v - a scroll of fear
 x - 2 scrolls of teleportation {unknown}
 y - a scroll of summoning {unknown}
Potions
 e - 5 potions of curing {unknown}
 h - a potion of attraction {unknown}
 u - a potion of cancellation {unknown}
 z - a potion of brilliance {unknown}
 A - a potion of resistance {unknown}
 B - a potion of mutation {unknown}
 E - a potion of degeneration {unknown}
 H - a potion of magic {unknown}


   Skills:
 + Level 4.3 Fighting
 - Level 1.7 Polearms
 + Level 2.6 Armour
 + Level 3.3 Dodging
 - Level 4.5 Stealth
 + Level 2.3 Shields
 + Level 2.7 Evocations


You had 5 spell levels left.
You didn't know any spells.
Your spell library contained the following spells:

 Spells                   Type           Power      Damage    Failure   Level
 Ignite Poison            Fire/Tmut/Pois 0%         N/A       99%         3
 Mephitic Cloud           Conj/Pois/Air  0%         N/A       99%         3
 Summon Ice Beast         Ice/Summ       0%         N/A       100%        4
 Freezing Cloud           Conj/Ice/Air   0%         6-21      100%        5
 Summon Mana Viper        Hex/Summ       0%         N/A       100%        5
 Monstrous Menagerie      Summ           0%         N/A       100%        7


Dungeon Overview and Level Annotations

Branches:
Dungeon (5/15)
 Temple: D:4-7

Altars:

Annotations:
D:4 Edmund


Innate Abilities, Weirdness & Mutations

You are surrounded by a moderate repulsion field. (EV +3)
You regenerate magic rapidly.
Your touch may inflict minor irresistible damage on your foes.


Message History

You kill the orc!
You block the orc's attack.
Things that are here:
a +0 flail; a +0 leather armour; an orc corpse You hit the orc.
The orc is poisoned.
The orc is moderately wounded.
The orc barely misses you.
You barely miss the orc.
The orc is heavily wounded.
The orc hits you but does no damage.
You barely miss the orc.
The orc is almost dead.
You kill the orc!
No target in view!
No target in view!
No target in view!
No target in view!
No target in view!
No target in view!
x - 2 scrolls labelled TEIBOODWAT (gained 1)
You see here a staff of death.
Edmund shouts!
Edmund drinks a potion.
Edmund goes berserk!
Aiming: Quicksilver Bolt
Press: ? - help, Shift-Dir - straight line, f - Edmund
Aim: Edmund, wielding a +2 flail of holy wrath and wearing a +0 leather armour (berserk, 71% to hit)
The bolt of dispelling energy hits Edmund!
Edmund is moderately wounded.
Edmund completely misses you.
You hit Edmund.
Edmund is poisoned.
Edmund is moderately wounded.
Edmund hits you with a +2 flail of holy wrath!
You convulse!!
* * * LOW HITPOINT WARNING * * *
Unknown command.
Edmund rages.
Edmund hits you with a +2 flail of holy wrath!
* * * LOW HITPOINT WARNING * * *
You convulse!
You die...

######### ........##############
#########..............#
...........###########.#
########...###########.#
#....#...#.......$...#
#######.##.....#@################
#............#.#@#...............
#.#####.#.)..#.#.#.##############
#.#.....<....#.#.#.#
#.#.#####.#......#.#
#.#..........#.###.#######
..........................
#......|)....#.#.#.#######
############.#...#.#
.............#####.##############


You could see Edmund (berserk, very poisoned).

Vanquished Creatures
  A scorpion (D:3)
  Jessica (D:2)
  Natasha (thrice) (D:3)
  2 iguanas (D:4)
  8 gnolls
  6 adders
  2 worms (D:2)
  9 dart slugs (D:3)
  3 orcs
  7 endoplasms
  2 giant cockroaches
  7 goblins
  8 hobgoblins
  3 quokkas
  7 ball pythons
  7 bats
  A frilled lizard (D:1)
  2 kobolds
  A rat (D:3)
80 creatures vanquished.

Notes
Turn   | Place    | Note
-------+----------+-------------------------------------------
     0 | D:5      | flotson the Demonspawn Delver began the quest for the Orb.
     0 | D:5      | Reached XP level 1. HP: 18/18 MP: 1/1
    49 | D:5      | Noticed a hound
    80 | D:4      | Noticed an iguana
    89 | D:4      | Gained mutation: You are surrounded by a mild repulsion
                  | field. (EV +2) [demonic ancestry]
    89 | D:4      | Reached XP level 2. HP: 14/24 MP: 2/2
   601 | D:3      | Reached skill level 1 in Evocations
   682 | D:3      | Noticed Natasha
   973 | D:4      | Reached skill level 1 in Armour
   973 | D:4      | Gained mutation: Your touch may inflict minor irresistible
                  | damage on your foes. [demonic ancestry]
   973 | D:4      | Reached XP level 3. HP: 23/29 MP: 3/3
  1457 | D:3      | Noticed a scorpion
  1655 | D:4      | Noticed Edmund
  1822 | D:3      | Killed Natasha
  1823 | D:3      | Reached skill level 1 in Shields
  1823 | D:3      | Gained mutation: You regenerate magic rapidly. [demonic
                  | ancestry]
  1823 | D:3      | Reached XP level 4. HP: 25/35 MP: 4/4
  2200 | D:3      | Identified the amulet "Myqovem" {Spirit rPois}
  2631 | D:1      | Found a faded altar of an unknown god.
  3108 | D:1      | Gained mutation: You are surrounded by a moderate repulsion
                  | field. (EV +3) [demonic ancestry]
  3108 | D:1      | Reached XP level 5. HP: 39/42 MP: 5/5
  3561 | D:2      | Noticed Jessica
  3572 | D:2      | Killed Jessica
  4593 | D:3      | Reached XP level 6. HP: 48/48 MP: 6/6
  4656 | D:3      | Noticed Natasha
  4671 | D:3      | Killed Natasha
  5464 | D:3      | Noticed Natasha
  5482 | D:3      | Killed Natasha
  6069 | D:4      | Slain by Edmund

Illustrated notes

Levels and vault maps discovered:
D:1:      dpeg_arrival_simpleton_a, layout_loops_ring,
          shapermc_ecumenical_altar_venn, minmay_misc_feat_alley
D:2:      layout_basic, corexii_shack, uniq_jessica
D:3:      kennysheep_slugbush, layout_basic, uniq_natasha
D:4:      layout_basic, uniq_edmund
D:5:      minmay_chambers_of_threes, layout_rooms, uniq_eustachio

Skill      XL: |  1  2  3  4  5 |
---------------+----------------+-----
Dodging        | 2 3 |  3.3
Evocations     | 1 2 |  2.7
Armour         | 1 2 |  2.6
Shields        | 1 2 |  2.3
Fighting       | 4 |  4.3
Polearms       | |  1.7
Stealth        | |  4.5

Action                   |  1- 3 |  4- 6 || total
-------------------------+-------+-------++-------
Melee: Spear             |    64 |   244 ||   308
       Punch             |     1 |       ||     1
       Long sword        |       |    36 ||    36
       Whip              |       |    37 ||    37
Throw: Dart              |    13 |       ||    13
Evoke: Wand              |       |     1 ||     1
  Use: Potion            |     2 |       ||     2
       Scroll            |     1 |       ||     1
 Stab: Sleeping          |       |     4 ||     4
Armor: Leather armour    |     8 |       ||     8
       Scale mail        |     5 |    90 ||    95
Dodge: Dodged            |    33 |   162 ||   195
Block: Buckler           |     4 |    57 ||    61

Table legend: (Time is in decaauts)
 A = Elapsed time spent in this place.
 B = Non-inter-level travel time spent in this place.
 C = Inter-level travel time spent in this place.
 D = Time resting spent in this place.
 E = Time spent auto-exploring this place.
 F = Levels seen in this place.
 G = Mean time per level.
                   A        B        C        D        E       F      G
               +--------+--------+--------+--------+--------+-----+--------+
         Total |   6118 |   5813 |    305 |    657 |   4175 |   5 | 1223.6 |
       Dungeon |   6118 |   5813 |    305 |    657 |   4175 |   5 | 1223.6 |
               +--------+--------+--------+--------+--------+-----+--------+

Top non-repeatable levels by time:
     D:3: 2408 daAuts
     D:4: 1496 daAuts
     D:2: 1306 daAuts
     D:1: 829 daAuts
     D:5: 77 daAuts
